 Dungeon Crawl Stone Soup version 0.25.1-9-gc5326a611f (webtiles) character file.

Game seed: 14074925989595215877

233 Clowwww the Chopper (level 5, 0/41 HPs)
             Began as a Demonspawn Fighter on Dec 31, 2020.
             Killed by divine providence
             ... invoked by an orc priest
              (15 damage)
             ... on level 3 of the Dungeon.
             The game lasted 00:03:08 (2607 turns).

Clowwww the Chopper (Demonspawn Fighter)            Turns: 2607, Time: 00:03:09

Health: 0/41       AC:  6    Str: 17    XL:     5   Next: 75%
Magic:  5/5        EV:  7    Int: 10    God:
Gold:   85         SH:  9    Dex: 12    Spells: 4/4 levels left

rFire    . . .     SeeInvis .   a - +0 war axe
rCold    . . .     Gourm    .   c - +0 kite shield
rNeg     . . .     Faith    .   b - +0 scale mail
rPois    .         Spirit   .   (helmet restricted)
rElec    .         Reflect  .   (no cloak)
rCorr    .         Harm     .   (no gloves)
MR       .....                  (no boots)
Stlth    ..........             (no amulet)
HPRegen  0.13/turn              (no ring)
MPRegen  0.09/turn              (no ring)

@: mighty
A: antennae 2
a: no special abilities


You were on level 3 of the Dungeon.
You were not hungry.

You visited 1 branch of the dungeon, and saw 3 of its levels.

You collected 85 gold pieces.

Inventory:

Hand Weapons
 a - a +0 war axe (weapon)
Armour
 b - a +0 scale mail (worn)
 c - a +0 kite shield (worn)
Jewellery
 o - a cursed ring of teleportation {unknown}
Scrolls
 e - a scroll of fog {unknown}
 h - 3 scrolls of remove curse {unknown}
 j - 3 scrolls of identify {unknown}
 n - a scroll of teleportation {unknown}
Potions
 d - a potion of might
 g - a potion of degeneration {unknown}
 i - a potion of berserk rage {unknown}
 l - a potion of brilliance {unknown}
 m - a potion of mutation {unknown}
Comestibles
 f - 2 rations
 k - a chunk of flesh


   Skills:
 + Level 3.5 Fighting
 + Level 4.2 Axes
 + Level 3.3 Armour
 + Level 0.7 Dodging
 + Level 0.2 Stealth
 + Level 3.3 Shields


You had 4 spell levels left.
You didn't know any spells.
Your spell library was empty.

Dungeon Overview and Level Annotations

Branches:
Dungeon (3/15)

Altars:

Annotations:
D:3 2 transporters


Innate Abilities, Weirdness & Mutations

You have a pair of antennae on your head.


Message History

The orc shouts!
The orc priest shouts!
An orc comes into view. It is wielding a +0 whip.
An orc priest comes into view. It is wielding a +0 club.
An orc comes into view. It is wielding a +0 short sword.
The gnoll shouts!
The orc shouts!
The orc priest shouts!
The orc shouts!
A quokka comes into view.
You closely miss the orc priest.
The orc priest mumbles some strange prayers to Beogh against you.
Beogh smites you!
The orc throws a stone.
You block the stone. The orc priest closely misses you.
You feel very mighty all of a sudden.
The orc priest invokes the aid of Beogh against you.
Beogh smites you!
The orc throws a stone.
The stone hits you but does no damage.
You slash the orc!
You kill the orc!
You hit the orc priest. You block the orc priest's attack.
The orc priest calls down the wrath of Beogh upon you.
Beogh smites you!
You die...

..........≈≈###.##+
#####
######....≈≈..#.#P
......
#......†.≈≈.##.#
######
#.###....≈≈.#g.# #
##...≈≈.##. ..
#.####.......#. ###
#...........©#.+.©
###..........#.#8⌠
#.<.o@.≈≈.## #
#...)..≈≈.#©.
.........≈≈.##.
###......≈≈..#.#
#.r..oo≈≈###.
#.###o.≈≈#g. #.
#..≈≈##g# . ...≈≈#
.#


You could see a gnoll shaman (wandering), 2 orc priests, 2 gnolls, 2 orcs and a
quokka.

Vanquished Creatures
  An orc priest (D:3)
  Natasha (thrice) (D:3)
  An orc wizard (D:3)
  A gnoll (D:1)
  2 adders (D:2)
  2 oozes (D:3)
  A worm (D:3)
  5 dart slugs
  2 leopard geckos
  3 orcs (D:3)
  9 bats
  3 giant cockroaches (D:2)
  6 hobgoblins
  3 kobolds
  A quokka (D:2)
  4 frilled lizards
  6 goblins
  3 rats
56 creatures vanquished.

Notes
Turn   | Place    | Note
-------+----------+-------------------------------------------
     0 | D:1      | Clowwww the Demonspawn Fighter began the quest for the Orb.
     0 | D:1      | Reached XP level 1. HP: 18/18 MP: 1/1
   135 | D:1      | Reached skill level 2 in Axes
   135 | D:1      | Gained mutation: You have a pair of small antennae on your
                  | head. [demonic ancestry]
   135 | D:1      | Reached XP level 2. HP: 4/24 MP: 2/2
   893 | D:1      | Reached XP level 3. HP: 29/29 MP: 3/3
  1566 | D:2      | Reached skill level 3 in Axes
  1566 | D:2      | Gained mutation: You have a pair of antennae on your head.
                  | [demonic ancestry]
  1566 | D:2      | Reached XP level 4. HP: 32/35 MP: 4/4
  2037 | D:3      | Noticed Natasha
  2049 | D:3      | Killed Natasha
  2277 | D:3      | Noticed Natasha
  2281 | D:3      | Killed Natasha
  2281 | D:3      | Reached XP level 5. HP: 35/41 MP: 5/5
  2397 | D:3      | Reached skill level 4 in Axes
  2540 | D:3      | Found a transporter.
  2541 | D:3      | Noticed Natasha
  2553 | D:3      | Killed Natasha
  2556 | D:3      | Found a transporter.
  2607 | D:3      | Killed from afar by an orc priest

Illustrated notes

Levels and vault maps discovered:
D:1:      elethiomel_arrival_maze, layout_loops_corners
D:2:      layout_loops_ring, chequers_serial_rivers_large_b,
          kennysheep_generic_room_11
D:3:      layout_loops_ring, gammafunk_ghost_gnarly_gnolls, tgw_trog,
          uniq_natasha, uniq_grinder

Skill      XL: |  1  2  3  4  5 |
---------------+----------------+-----
Axes           | 2 3 4 |  4.2
Shields        | 3 |  3.3
Armour         | 3 |  3.3
Fighting       | |  3.5
Dodging        | |  0.7
Stealth        | |  0.2

Action                   |  1- 3 |  4- 6 || total
-------------------------+-------+-------++-------
Melee: War axe           |    82 |    62 ||   144
  Use: Potion            |       |     2 ||     2
  Eat: Chunk             |     2 |     4 ||     6
Armor: Scale mail        |    37 |    23 ||    60
Dodge: Dodged            |    28 |    10 ||    38
Block: Kite shield       |    44 |    31 ||    75
